AoeStats
← 嘴角一颗芝麻

Arabia

510145777Analyzed
1v1 RM · 4d ago on Sep 29, 2026· 77m 2s· 2 players
Game mode
Random Map
Map size
Tiny (2 player)
Population
200
Speed
Normal
Resources
Standard
Victory
Conquest
Starting age
Dark Age
Ending age
Imperial Age
RankedLock teamsTeams togetherTeam positionsShared explorationLock speedFull tech treeHidden civsTurbo modeCheats
Victory
Defeat
🇨🇳 Persians · China
1447
+18
🇪🇸 Wei · Spain
1481
-18
嘴角一颗芝麻
5:43 Loom
8:45 Feudal Age
9:24 Double-Bit Axe
20:14 Castle Age
20:27 Bloodlines
20:09 Fletching
21:27 Bow Saw
21:02 Horse Collar
21:34 Gold Mining
22:49 Wheelbarrow
22:01 Town Watch
22:15 Bodkin Arrow
22:21 Padded Archer Armor
23:55 Leather Archer Armor
33:10 Hand Cart
33:14 Heavy Plow
38:37 Imperial Age
38:05 Scale Barding Armor
38:10 Forging
38:01 Husbandry
39:10 Chain Barding Armor
38:38 Cavalier
40:46 Ballistics
41:30 Chemistry
42:12 Plate Barding Armor
42:17 Iron Casting
42:26 Savar
49:51 Scale Mail Armor
55:41 Light Cavalry
57:57 Blast Furnace
56:57 Heavy Camel Rider
57:10 Hussar
Pin_de_oro
6:36 Loom
9:00 Feudal Age
9:37 Double-Bit Axe
9:34 Horse Collar
17:14 Wheelbarrow
19:32 Castle Age
19:14 Bloodlines
19:55 Fletching
20:05 Padded Archer Armor
20:12 Gold Mining
21:05 Bow Saw
21:26 Bodkin Arrow
22:33 Husbandry
24:58 Ballistics
25:28 Stone Mining
30:35 Town Watch
31:23 Hand Cart
34:09 Imperial Age
33:16 Thumb Ring
33:40 Leather Archer Armor
36:00 Bracer
38:59 Chemistry
38:10 Masonry
39:35 Parthian Tactics
39:51 Ring Archer Armor
40:29 Masonry
41:37 Conscription
40:46 Heavy Hei Guang Cavalry
42:56 Scale Barding Armor
43:01 Forging
43:35 Heavy Plow
45:01 Town Patrol
46:47 Gold Shaft Mining
48:04 Chain Barding Armor
48:20 Iron Casting
50:02 Ming Guang Armor
50:34 Ming Guang Armor
59:42 Blast Furnace
64:53 Light Cavalry
Connection lost

Rejoining the realm…

Still unreachable

The connection could not be restored.

Session expired

The server has moved on; the page needs a fresh start.